 Dungeon Crawl Stone Soup version 0.29-a0-234-g0dae59b3db (webtiles) character file.

Game seed: 10812801941324522195

14725 sammy202020 the Fighter (level 11, -8/104 HPs)
             Began as a Minotaur Berserker on Mar 2, 2022.
             Was a High Priest of Trog.
             Killed from afar by a hell hog (17 damage)
             ... with a fireball
             ... in a volcano.
             The game lasted 00:29:31 (10414 turns).

sammy202020 the Fighter (Minotaur Berserker)       Turns: 10414, Time: 00:29:32

Health: -8/104     AC: 21    Str: 22    XL:     11   Next: 92%
Magic:  3/3        EV: 11    Int:  8    God:    Trog [*****.]
Gold:   766        SH:  0    Dex: 10    Spells: 10/10 levels left

rFire   . . .      SeeInvis .   D - +8 Wrath of Trog {antimagic, *Rage Rampage}
rCold   . . .      Faith    .   (shield currently unavailable)
rNeg    + . .      Spirit   .   y - +1 chain mail {rPois}
rPois   +          Reflect  .   K - +1 hat
rElec   .          Harm     .   i - +1 cloak
rCorr   .          Rampage  +   H - +2 pair of gloves
Will    ++...      Rage     50% n - +0 pair of boots
Stlth   ..........              b - amulet of regeneration
HPRegen 2.07/turn               o - ring of positive energy
MPRegen 0.08/turn               (no ring)

@: mighty, strong-willed, on berserk cooldown, regenerating, slowed, very slow
A: horns 2, retaliatory headbutt
a: Renounce Religion, Berserk, Trog's Hand, Brothers in Arms


You were in a volcano.
You worshipped Trog.
Trog was extremely pleased with you.
You visited 2 branches of the dungeon, and saw 10 of its levels.
You also visited: Volcano.

You collected 766 gold pieces.

Inventory:

Hand Weapons
 j - a +3 mace of protection
 k - a +0 flail of venom
 D - the +8 Wrath of Trog (weapon) {antimagic, *Rage Rampage}
   (You found it on level 6 of the Dungeon)

   It reduces the magical energy of the wielder, and disrupts the spells and
   magical abilities of those it strikes.
   Natural abilities and divine invocations are not affected.
   It causes slowness and exhaustion when equipped.
   It extends the wielder's berserk rage when killing foes.
   *Rage:     It berserks you when you make melee attacks (+50% chance).
   Rampage:   It bestows one free step when moving towards enemies.
Missiles
 r - 2 silver boomerangs (quivered)
 s - 11 poisoned darts
 E - a throwing net
Armour
 i - a +1 cloak (worn)
 n - a +0 pair of boots (worn)
 x - a +0 plate armour
 y - a +1 chain mail of poison resistance (worn)
 A - a +0 buckler
 H - a +2 pair of gloves (worn)
 K - a +1 hat (worn)
Jewellery
 b - an amulet of regeneration (around neck)
 e - an amulet of guardian spirit
 h - an amulet of the acrobat
 o - a ring of positive energy (left hand)
 v - an amulet of reflection
Wands
 a - a wand of acid (7)
 C - a wand of flame (17)
 J - a wand of iceblast (15)
 L - a wand of mindburst (11)
Scrolls
 g - 6 scrolls of identify
 t - 3 scrolls of enchant armour
 u - a scroll of fog
 z - a scroll of noise
 G - 2 scrolls of blinking
 M - a scroll of fear {unknown}
 N - a scroll of holy word
 O - a scroll of enchant weapon
 Q - a scroll of acquirement {unknown}
Potions
 c - a potion of lignification
 d - 5 potions of curing
 f - 3 potions of attraction
 l - a potion of cancellation
 p - 2 potions of ambrosia
 q - 3 potions of mutation
 w - 2 potions of brilliance
 B - a potion of magic
 F - a potion of berserk rage
 P - a potion of resistance {unknown}
Miscellaneous
 I - a piece from Xom's chessboard (15/15)


   Skills:
 + Level 12.1 Fighting
 + Level 9.1(10.5) Axes
 - Level 8.2(10.0) Maces & Flails
 + Level 11.9 Armour
 + Level 11.0 Dodging
 - Level 1.0 Shields


You had 10 spell levels left.
You didn't know any spells.
Your spell library was empty.

Dungeon Overview and Level Annotations

Branches:
Dungeon (9/15)             Temple (0/1) D:6            Lair (1/6) D:8
Volcano (1/1)
    Orc: D:9-12

Altars:
Fedhas
Uskayaw
Beogh

Shops:
D:3 !   D:8 [


Innate Abilities, Weirdness & Mutations

You have a pair of horns on your head.
You reflexively headbutt those who attack you in melee.


Message History

The steam dragon breathes steam at you.
The ball of steam hits the hell hound.
The hell hound resists.
The ball of steam hits you but does no damage.
Your skin crawls.
You feel strong-willed.
You are engulfed in a cloud of scalding steam.
The hell hog bites you.
The hell hog bites you but does no damage.
You hit the hell hog.
The hell hog is lightly wounded.
You are engulfed in a cloud of scalding steam.
The hell hog breathes fire at you.
The fireball explodes!
The fireball engulfs you!!
* * * LOW HITPOINT WARNING * * *
The fireball engulfs the hell hog.
The hell hog completely resists.
The hell hog barely misses you. You furiously retaliate!
You headbutt the hell hog! You slash the hell hog!
The hell hog is moderately wounded.
The hell hog closely misses you.
The hell hog bites you but does no damage.
The hell hog bites you!
* * * LOW HITPOINT WARNING * * *
The steam dragon breathes steam at you.
The ball of steam misses the hell hog.
The ball of steam hits you but does no damage.
You barely miss the hell hog.
You headbutt the hell hog, but do no damage.
The hell hog is moderately wounded.
You are engulfed in a cloud of scalding steam.
The hell hog bites you!
* * * LOW HITPOINT WARNING * * *
The hell hog closely misses you. You furiously retaliate!
You headbutt the hell hog.
You feel very mighty all of a sudden. The hell hog barely misses you.
You furiously retaliate!
You headbutt the hell hog!! The hell hog breathes fire at you.
The fireball explodes!
The fireball engulfs you!
You die...

### ###.# # §...####
##### .# ≈§§....####
##...##.###
§§§......8###....#..8.#
§§§§§.......'§.§.hD._.#
≈§§§§....8###..§@#..8.#
≈§§≈≈....## ##...# .###
≈§≈§≈...## ##### #
≈§≈§§≈§.§ ≈≈≈≈≈≈≈≈..
≈§≈≈§≈≈≈... §§§≈≈≈≈§


You could see a hell hog (catching breath) and a steam dragon.

Vanquished Creatures
  A hydra (Lair:1)
  2 two-headed ogres
  A glowing orange brain (D:9)
  A wizard (D:7)
  An ugly thing (D:7)
  2 oklob plants (Lair:1)
  A black mamba (Lair:1)
  Psyche (D:8)
  A troll (D:8)
  A hornet (D:6)
  Prince Ribbit (D:9)
  A shadow (D:9)
  A vampire (D:9)
  8 fire bats (Volcano)
  A wraith (D:9)
  11 yaks (D:9)
  2 steam dragons
  A water moccasin (D:9)
  3 black bears
  8 orc warriors
  3 ogres
  4 ice beasts
  3 sky beasts
  4 centaurs (D:9)
  7 wolves
  3 necrophages
  6 bullfrogs
  2 scorpions
  22 wights
  5 killer bees (D:9)
  3 howler monkeys
  6 lava snakes (Volcano)
  2 jellies
  2 centaur zombies (D:9)
  6 hounds
  Crazy Yiuf (D:2)
  8 orc priests
  Jessica (D:3)
  3 iguanas
  9 orc wizards
  A mummy (D:9)
  6 adders
  12 gnolls
  A shadow imp (D:7)
  A white imp (D:7)
  2 worms (D:3)
  2 dart slugs (D:1)
  39 orcs
  6 ball pythons
  8 endoplasms
  6 giant cockroaches
  7 goblins
  9 hobgoblins
  11 jackals
  4 quokkas
  6 bats
  7 kobolds
  8 rats
285 creatures vanquished.

Vanquished Creatures (others)
  2 plants (D:9)
  9 withered plants (D:9)
11 creatures vanquished.

Grand Total: 296 creatures vanquished

Notes
Turn   | Place    | Note
-------+----------+-------------------------------------------
     0 | D:1      | sammy202020 the Minotaur Berserker began the quest for the
                  | Orb.
     0 | D:1      | Reached XP level 1. HP: 19/19 MP: 0/0
   163 | D:1      | Reached XP level 2. HP: 22/27 MP: 1/1
   413 | D:1      | Reached skill level 4 in Fighting
   667 | D:1      | Reached XP level 3. HP: 33/33 MP: 2/2
   937 | D:1      | Reached ** piety under Trog
  1061 | D:2      | Reached XP level 4. HP: 23/41 MP: 3/3
  1270 | D:2      | Found a faded altar of an unknown god.
  1586 | D:2      | Found a runed translucent door.
  1587 | D:2      | Noticed Crazy Yiuf
  1643 | D:2      | Killed Crazy Yiuf
  1777 | D:3      | Reached XP level 5. HP: 30/47 MP: 4/4
  1905 | D:3      | Noticed Jessica
  1910 | D:3      | Killed Jessica
  1993 | D:3      | Reached skill level 5 in Fighting
  2039 | D:3      | Reached skill level 5 in Maces & Flails
  2270 | D:3      | Reached XP level 6. HP: 53/56 MP: 5/5
  2537 | D:3      | Found Imarel's Distillery.
  3017 | D:3      | Identified the +1 pair of boots "Jayz" {Rampage Will-
                  | Stlth+}
  3231 | D:4      | Reached *** piety under Trog
  3407 | D:4      | Reached XP level 7. HP: 21/62 MP: 6/6
  3665 | D:4      | Reached skill level 5 in Armour
  3782 | D:4      | Reached skill level 6 in Fighting
  4076 | D:5      | Entered Level 5 of the Dungeon
  4083 | D:5      | Reached skill level 5 in Dodging
  4547 | D:5      | Reached XP level 8. HP: 63/71 MP: 7/7
  4877 | D:5      | Reached skill level 7 in Fighting
  5065 | D:5      | Found a runed translucent door.
  5281 | D:5      | Reached **** piety under Trog
  5394 | D:5      | Identified the +1 robe of the Salamander {rF- rC+ Regen+
                  | Dex+4}
  5486 | D:6      | Reached XP level 9. HP: 81/81 MP: 8/8
  5552 | D:6      | Found a staircase to the Ecumenical Temple.
  5661 | D:6      | Reached skill level 8 in Fighting
  5763 | D:6      | Reached skill level 1 in Shields
  5768 | D:6      | Found the +8 Wrath of Trog {antimagic, *Rage Rampage}
  6119 | D:6      | Paralysed by a hornet for 3 turns
  6124 | D:6      | Reached skill level 1 in Axes
  6387 | D:7      | Noticed a brown ugly thing
  6395 | D:7      | Killed a brown ugly thing
  6423 | D:7      | Noticed a wizard
  6444 | D:7      | Killed a wizard
  6445 | D:7      | Reached skill level 9 in Fighting
  7289 | D:8      | Noticed a troll
  7295 | D:8      | Killed a troll
  7296 | D:8      | Reached XP level 10. HP: 75/91 MP: 3/9
  7320 | D:8      | Noticed a two-headed ogre
  7328 | D:8      | Killed a two-headed ogre
  7329 | D:8      | Reached skill level 5 in Axes
  7341 | D:8      | Found a staircase to the Lair.
  7596 | D:8      | Reached skill level 10 in Fighting
  7609 | D:8      | Found Fekatenn's Antique Armour Boutique.
  7854 | D:9      | Reached ***** piety under Trog
  7937 | D:9      | Noticed Prince Ribbit
  7943 | D:9      | Killed Prince Ribbit
  7944 | D:9      | Reached skill level 10 in Armour
  8150 | D:9      | Found a hide-covered altar of Uskayaw.
  8181 | D:9      | Reached XP level 11. HP: 95/101 MP: 3/10
  8184 | D:9      | Received a gift from Trog
  8220 | D:9      | Noticed a two-headed ogre
  8227 | D:9      | Killed a two-headed ogre
  8265 | D:9      | Noticed a glowing orange brain
  8268 | D:9      | Killed a glowing orange brain
  8269 | D:9      | Reached skill level 11 in Fighting
  8315 | D:9      | Reached skill level 10 in Dodging
  9020 | D:8      | Noticed Psyche
  9026 | D:8      | Killed Psyche
  9722 | Lair:1   | Entered Level 1 of the Lair of Beasts
  9731 | Lair:1   | Noticed a six-headed hydra
  9745 | Lair:1   | HP: 7/153 [wolf (3)]
  9748 | Lair:1   | Killed a six-headed hydra
  9748 | Lair:1   | HP: 1/153 [wolf (7)]
  9876 | Lair:1   | Found a dark tunnel.
 10077 | Lair:1   | Found a blossoming altar of Fedhas.
 10079 | Lair:1   | Noticed an oklob plant
 10080 | Lair:1   | Noticed an oklob plant
 10086 | Lair:1   | Killed an oklob plant
 10167 | Lair:1   | Killed an oklob plant
 10306 | Volcano  | Entered a volcano
 10332 | Volcano  | Reached skill level 12 in Fighting
 10407 | Volcano  | Found a radiant altar of Vehumet.
 10407 | Volcano  | Noticed a hell hog
 10414 | Volcano  | Killed from afar by a hell hog

Illustrated notes

Levels and vault maps discovered:
D:1:      grunt_arrival_crossed_arrows, layout_basic
D:2:      layout_basic, basic_altar, shapermc_ecumenical_altar_mp_highgroup,
          minivault_24, minmay_tromino_v2, uniq_crazy_yiuf_cottage
D:3:      layout_basic, serial_shops, shop_coins, uniq_jessica
D:4:      layout_basic
D:5:      layout_loops_ring, grunt_ministairs_8, lightli_church_of_beogh
D:6:      layout_basic, minmay_temple_entry_grid
D:7:      layout_loops_ring, minmay_three_doors
D:8:      layout_cave_pods, erik_lair_island, serial_shops,
          nicolae_take_the_stairs, chequers_serial_rivers_room_b, uniq_psyche
D:9:      nzn_winding_woodlands_medium [nzn_winding_woodlands_5x5_three,
          nzn_winding_woodlands_5x15_zeroes, nzn_winding_woodlands_5x5_cross,
          nzn_winding_woodlands_5x5_open_star,
          nzn_winding_woodlands_center_diamonds,
          nzn_winding_woodlands_5x5_checkerboard,
          nzn_winding_woodlands_5x5_perimeter,
          nzn_winding_woodlands_5x15_pathside_ponds,
          nzn_winding_woodlands_hourglass], layout_stronghold,
          lemuel_tele_altar, serial_undead, serial_undead_b, serial_undead_d,
          serial_undead_d, serial_undead_f, serial_undead_b, serial_undead_a,
          serial_undead_d, uniq_prince_ribbit1
Lair:1:   layout_big_grid, nicolae_volcano_entry_two_sided,
          hangedman_tree_tricks
Volcano:  volcano_grotto [vgs_original]

Skill      XL: |  1  2  3  4  5  6  7  8  9 10 11 |
---------------+----------------------------------+-----
Fighting       | 4 5 6 7 9 10 12 | 12.1
Maces & Flails | 4 5 6 7 8 |  8.2
Armour         | 3 4 6 7 9 10 11 | 11.9
Dodging        | 3 4 5 6 8 9 11 | 11.0
Shields        | 1 |  1.0
Axes           | 4 6 9 |  9.1

Action                   |  1- 3 |  4- 6 |  7- 9 | 10-12 || total
-------------------------+-------+-------+-------+-------++-------
Melee: Mace              |    82 |   121 |   209 |    14 ||   426
       Headbutt          |    12 |    10 |    39 |    34 ||    95
       Punch             |     1 |     1 |       |       ||     2
       Battleaxe         |       |       |    60 |   201 ||   261
Invok: Berserk           |       |     3 |       |     1 ||     4
       Trog's Hand       |       |     1 |       |     2 ||     3
  Use: Scroll            |       |     5 |     4 |    13 ||    22
       Potion            |       |       |       |     1 ||     1
Armor: Scale mail        |    47 |    38 |    33 |       ||   118
       Chain mail        |       |       |   113 |   205 ||   318
       Plate armour      |       |       |    13 |       ||    13
Dodge: Dodged            |    66 |    82 |   131 |   218 ||   497
Block: Buckler           |       |       |       |     7 ||     7

Table legend: (Time is in decaauts)
 A = Elapsed time spent in this place.
 B = Non-inter-level travel time spent in this place.
 C = Inter-level travel time spent in this place.
 D = Time resting spent in this place.
 E = Time spent auto-exploring this place.
 F = Levels seen in this place.
 G = Mean time per level.
                   A        B        C        D        E       F      G
               +--------+--------+--------+--------+--------+-----+--------+
         Total |  10911 |  10294 |    617 |    982 |   6274 |  11 |  991.9 |
       Dungeon |  10171 |   9577 |    594 |    887 |   5923 |   9 | 1130.1 |
          Lair |    619 |    596 |     23 |     95 |    329 |   1 |  619.0 |
       Volcano |    120 |    120 |      0 |      0 |     22 |   1 |  120.0 |
               +--------+--------+--------+--------+--------+-----+--------+

Top non-repeatable levels by time:
     D:9: 1478 daAuts
     D:5: 1394 daAuts
     D:3: 1354 daAuts
     D:8: 1245 daAuts
     D:7: 1030 daAuts
     D:4: 1009 daAuts
     D:1: 954 daAuts
     D:6: 882 daAuts
     D:2: 819 daAuts
  Lair:1: 619 daAuts
 Volcano: 120 daAuts
